 Dungeon Crawl Stone Soup version 0.22.1-1-ga44c0e56f4 (webtiles) character file.

17728 Revguard the Cleaver (level 12, -7/133 HPs)
             Began as a Demonspawn Fighter on Oct 20, 2018.
             Was an Elder of Vehumet.
             Mangled by a 12-headed hydra (9 damage)
             ... on level 1 of the Swamp on Oct 21, 2018.
             The game lasted 01:03:44 (13528 turns).

Revguard the Cleaver (Demonspawn Fighter)          Turns: 13528, Time: 01:03:47

Health: -7/133     AC: 26    Str: 16    XL:     12   Next: 21%
Magic:  14/22      EV:  2    Int: 13    God:    Vehumet [****..]
Gold:   806        SH:  0    Dex: 17    Spells: 13/24 levels left

rFire    . . .     SeeInvis .   c - +0 battleaxe (distort)
rCold    . . .     Gourm    .   (shield currently unavailable)
rNeg     + + +     Faith    .   (armour currently unavailable)
rPois    +         Spirit   .   (helmet currently unavailable)
rElec    .         Reflect  .   (cloak currently unavailable)
rCorr    .         Harm     .   (gloves currently unavailable)
MR       +....     NoTele   +   (boots currently unavailable)
Stlth    ++........             D - amulet of rage
HPRegen  0.32/turn              k - ring of flight
MPRegen  0.18/turn              a - +2 ring of evasion

@: tree-form, very slightly contaminated, studying Polearms
A: agile 1, demonic guardian 2, magic resistance 1, powered by pain 1, wild
magic 1
a: Renounce Religion, Evoke Berserk Rage


You were on level 1 of the Swamp.
You worshipped Vehumet.
Vehumet was greatly pleased with you.
You were hungry.
You were a tree.
You visited 4 branches of the dungeon, and saw 15 of its levels.
You also visited: Sewer.

You collected 806 gold pieces.

Inventory:

Hand Weapons
 c - a +0 battleaxe of distortion (weapon)
 B - the +5 hand axe "Luxo" {antimagic, Str+3, unknown}
   (You found it on level 10 of the Dungeon)

   It reduces the magical energy of the wielder, and disrupts the spells and
   magical abilities of those hit.
   Natural abilities and divine invocations are not affected.
   It affects your strength (+3).
 C - a +0 battleaxe
 F - a +2 halberd of protection
Armour
 n - a scarf of repulsion (melded)
 w - the +6 ring mail "Ral Aczu" (melded) {rPois Stlth+}
   (You found it on level 4 of the Dungeon)

   It protects you from poison.
   It makes you more stealthy.
 x - a +2 pair of gloves (melded)
Jewellery
 a - a +2 ring of evasion (right branch)
 k - a ring of flight (left branch)
 A - an uncursed amulet of the acrobat
 D - an amulet of rage (around neck)
Wands
 p - a wand of digging (37)
 q - a wand of random effects (30)
Scrolls
 b - 3 scrolls of amnesia
 i - 8 scrolls of teleportation
 j - 4 scrolls of fear
 o - 2 scrolls of magic mapping
 r - a scroll of fog
 s - a scroll of brand weapon {unknown}
 t - a scroll of immolation
 u - a scroll of identify
 y - a scroll of enchant armour
Potions
 d - 3 potions of might
 e - 5 potions of curing
 g - 6 potions of brilliance
 h - a potion of agility
 l - 2 potions of magic
 m - 4 potions of lignification
 v - a potion of haste
 z - 6 potions of degeneration
Books
 E - a manual of Polearms
Comestibles
 f - 14 rations


   Skills:
 + Level 6.7 Fighting
 + Level 9.9 Axes
 + Level 6.0 Armour
 * Level 7.0 Dodging
 - Level 0.1 Stealth
   Level 3.1 Shields
 * Level 6.7 Spellcasting
 * Level 7.0 Conjurations
 * Level 4.8 Fire Magic
 - Level 2.7 Ice Magic
 - Level 4.4 Poison Magic


You had 13 spell levels left.
You knew the following spells:

 Your Spells              Type           Power        Failure   Level  Hunger
a - Flame Tongue          Conj/Fire      ####.        1%          1    None
b - Freeze                Ice            ##..         2%          1    None
c - Olgreb's Toxic Radia  Pois           ###.....     10%         4    ####...
d - Fireball              Conj/Fire      ####......   13%         5    ######.

Your spell library contained the following spells:

 Spells                   Type           Power        Failure   Level  Hunger
 Orb of Destruction       Conj           ####......   87%         7    #######
 Animate Skeleton         Necr           N/A          22%         1    None
 Apportation              Tloc           #.....       22%         1    None
 Beastly Appendage        Tmut           #.....       22%         1    None
 Confusing Touch          Hex            #.....       22%         1    None
 Infusion                 Chrm           #...         22%         1    None
 Summon Small Mammal      Summ           #...         22%         1    None
 Spider Form              Tmut/Pois      ##........   26%         3    ###....
 Shroud of Golubria       Chrm/Tloc      #.........   32%         2    #......
 Song of Slaying          Chrm           #.......     32%         2    #......
 Sticks to Snakes         Tmut           #.......     32%         2    #......
 Regeneration             Chrm/Necr      #.........   52%         3    ###....
 Spectral Weapon          Hex/Chrm       #.......     52%         3    ###....
 Ice Form                 Ice/Tmut       ##......     73%         4    ####...
 Blade Hands              Tmut           #.........   99%         5    ######.


Dungeon Overview and Level Annotations

Branches:
Dungeon (11/15)            Temple (1/1) D:4            Lair (2/6) D:11
  Swamp (1/4) Lair:2
  Snake: Lair:2-4    Spider: Lair:2-4       Orc: D:9-12

Altars:
Ashenzari
Cheibriados
Dithmenos
Elyvilon
Fedhas
Gozag
Hepliaklqana
Kikubaaqudgha
Makhleb
Nemelex Xobeh
Okawaru
Qazlal
Ru
Sif Muna
Trog
Uskayaw
Vehumet
Wu Jian
Xom
Yredelemnul
Zin
The Shining One

Shops:
D:7 (


Innate Abilities, Weirdness & Mutations

((You have a pair of antennae on your head.))
((You are mostly covered in molten scales. (AC +3)))
A demonic guardian rushes to your aid.
You sometimes gain a little power by taking damage.
((You have large cloven feet.))
You are agile. (Dex +2)
You are resistant to hostile enchantments. (MR+)
Your spells are a little harder to cast, but a little more powerful.


Message History

The 12-headed hydra is severely wounded.
The 12-headed hydra bites you!
* * * LOW HITPOINT WARNING * * *
The 12-headed hydra bites you!
* * * LOW HITPOINT WARNING * * *
The 12-headed hydra bites you but does no damage. x2
The 12-headed hydra bites you.
* * * LOW HITPOINT WARNING * * *
The 12-headed hydra bites you but does no damage. x2
The 12-headed hydra bites you.
* * * LOW HITPOINT WARNING * * *
The 12-headed hydra bites you but does no damage. x4
You feel better.
The 12-headed hydra bites you but does no damage. x5
The 12-headed hydra completely misses you.
The 12-headed hydra bites you but does no damage.
The 12-headed hydra bites you!
* * * LOW HITPOINT WARNING * * *
The 12-headed hydra bites you!
You die...

♣.≈≈≈≈≈≈.♣♣ ≈.
♣♣.≈≈≈≈≈..♣ ..♣
♣..≈≈.....♣♣ ..≈♣♣♣♣
♣♣.≈≈.≈...≈. .......♣♣
♣♣♣♣≈..≈♣..♣♣.
..≈≈.≈≈.♣♣♣≈...≈≈♣♣≈♣♣
.
≈.♣..≈≈≈.♣♣♣.≈.≈....♣
≈≈..≈≈≈.≈...≈≈≈≈≈≈≈.♣
≈≈..%§D♣≈≈≈≈≈≈≈≈≈≈...♣
≈≈......≈≈≈..≈≈≈≈≈...♣
≈..♣♣♣♣≈.≈≈≈≈≈.....≈♣♣
≈. .≈≈..≈≈≈≈....♣♣♣ ≈
.≈.♣≈.≈≈≈≈≈≈≈.≈♣
≈.≈≈.....≈.≈≈≈≈.♣
≈≈..≈≈≈.....§≈≈. ...
≈≈.≈..≈


You could see a 12-headed hydra.

Vanquished Creatures
  2 hydras
  A ghost crab (Swamp:1)
  A two-headed ogre (D:10)
  Nergalle (D:11)
  A gargoyle (D:11)
  3 spiny frogs
  2 kobold demonologists (D:11)
  A komodo dragon (Lair:2)
  A tyrant leech (Swamp:1)
  3 slime creatures (Swamp:1)
  A hippogriff (Lair:1)
  13 yaks
  A basilisk (D:11)
  A hungry ghost (D:11)
  A water moccasin (Lair:1)
  2 porcupines (Lair:1)
  4 ice beasts
  2 black bears
  A phantom (D:9)
  4 sky beasts
  An eye of draining (D:9)
  4 ogres
  5 centaurs
  A crocodile (Lair:2)
  3 big kobolds
  4 bullfrogs
  A gnoll sergeant (D:11)
  6 killer bees
  2 scorpions
  4 jellies
  2 wights (D:10)
  3 howler monkeys
  2 crimson imps
  2 bullfrog zombies
  8 orc wizards
  3 centaur skeletons
  6 orc priests
  A hound (D:5)
  2 bullfrog skeletons
  8 worker ants
  Natasha (thrice) (D:2)
  2 iguanas (D:11)
  A killer bee zombie (D:7)
  A hound zombie (D:7)
  3 hound skeletons
  A howler monkey zombie (D:6)
  2 worker ant zombies
  12 adders
  4 gnolls (D:11)
  A shadow imp (D:9)
  An adder skeleton (D:5)
  2 adder zombies (D:9)
  5 worms
  2 dart slugs
  4 leopard geckos
  41 orcs
  3 ball pythons
  2 giant cockroaches
  4 goblins
  5 hobgoblins
  15 jackals
  14 kobolds
  3 quokkas
  3 bats
  4 frilled lizards
  3 rats
  A butterfly (D:4)
  A fungus (D:7)
257 creatures vanquished.

Vanquished Creatures (collateral kills)
  Snorg (D:11)
  Harold (Lair:1)
  A hydra (Lair:2)
  Urug (Lair:2)
  A spiny frog (Lair:1)
  A troll (D:11)
  A bog body (Swamp:1)
  A hippogriff (D:8)
  A slime creature (Swamp:1)
  7 yaks
  An ice beast (D:9)
  Purgy (Sewer)
  A necrophage (D:8)
  A phantom (D:4)
  A centaur (D:7)
  A big kobold (D:11)
  A crocodile (Lair:1)
  A wyvern zombie (D:8)
  A killer bee (D:7)
  3 howler monkeys
  An orc priest (D:11)
  An orc wizard (D:11)
  5 orcs
  A quokka (D:7)
  A frilled lizard (Sewer)
  2 kobolds (D:11)
39 creatures vanquished.

Vanquished Creatures (others)
  A gargoyle (D:11)
  A rime drake (Lair:1)
  A troll (D:11)
  2 tyrant leeches (Swamp:1)
  A hornet (D:11)
  2 yaks
  A wyvern (D:10)
  A sky beast (D:11)
  An eye of draining (D:11)
  A wight (D:10)
  An orc priest (D:10)
  2 centaur skeletons (D:10)
  An adder (D:3)
  A fungus (Lair:2)
17 creatures vanquished.

Grand Total: 313 creatures vanquished

Notes
Turn   | Place    | Note
-------+----------+-------------------------------------------
     0 | D:1      | Revguard the Demonspawn Fighter began the quest for the
                  | Orb.
     0 | D:1      | Reached XP level 1. HP: 18/18 MP: 1/1
   371 | D:1      | Gained mutation: A weak demonic guardian rushes to your
                  | aid. [demonic ancestry]
   371 | D:1      | Reached XP level 2. HP: 20/24 MP: 2/2
  1187 | D:2      | Gained mutation: A demonic guardian rushes to your aid.
                  | [demonic ancestry]
  1187 | D:2      | Reached XP level 3. HP: 29/29 MP: 4/4
  1270 | D:2      | Reached skill level 2 in Axes
  1270 | D:2      | Reached skill level 1 in Dodging
  1579 | D:2      | Noticed Natasha
  1582 | D:2      | Killed Natasha
  1582 | D:2      | Reached skill level 1 in Spellcasting
  1582 | D:2      | Gained mutation: You have a pair of small antennae on your
                  | head. [demonic ancestry]
  1582 | D:2      | Reached XP level 4. HP: 35/35 MP: 5/5
  1655 | D:2      | Found a radiant altar of Vehumet.
  1665 | D:2      | Became a worshipper of Vehumet
  1808 | D:2      | Noticed Natasha
  1819 | D:2      | Killed Natasha
  2057 | D:2      | Noticed Natasha
  2083 | D:2      | Killed Natasha
  2116 | D:3      | Reached XP level 5. HP: 24/41 MP: 7/7
  2465 | D:3      | Found a glowing drain.
  2497 | D:3      | HP: 2/41 [jackal (1)]
  2500 | D:3      | Gained mutation: You have large cloven feet. [potion of
                  | mutation]
  2500 | D:3      | Gained mutation: You are resistant to hostile enchantments.
                  | (MR+) [potion of mutation]
  2500 | D:3      | Gained mutation: You are agile. (Dex +2) [potion of
                  | mutation]
  2500 | D:3      | Gained mutation: Your spells are a little harder to cast,
                  | but a little more powerful. [potion of mutation]
  2516 | Sewer    | Entered a sewer
  2530 | Sewer    | Noticed Purgy
  2534 | Sewer    | Killed Purgy
  2534 | Sewer    | Reached skill level 3 in Axes
  2715 | D:3      | Found a shattered altar of Ashenzari.
  2746 | D:3      | Found a shadowy altar of Dithmenos.
  2887 | D:3      | Found a glowing golden altar of the Shining One.
  2892 | D:3      | Found a basalt altar of Yredelemnul.
  3015 | D:3      | Reached XP level 6. HP: 44/47 MP: 8/8
  3212 | D:3      | Noticed an angel
  3372 | D:4      | Got a faintly glowing ring mail
  3400 | D:4      | Identified the +6 ring mail "Ral Aczu" {rPois Stlth+} (You
                  | found it on level 4 of the Dungeon)
  3415 | D:4      | Found a staircase to the Ecumenical Temple.
  3431 | Temple   | Entered the Ecumenical Temple
  3870 | D:4      | Reached * piety under Vehumet
  3870 | D:4      | Offered knowledge of Flame Tongue by Vehumet.
  3875 | D:4      | Learned a level 1 spell: Flame Tongue
  4001 | D:5      | Entered Level 5 of the Dungeon
  4074 | D:5      | Gained mutation: You are partially covered in molten
                  | scales. (AC +2) [demonic ancestry]
  4074 | D:5      | Reached XP level 7. HP: 28/53 MP: 10/10
  4283 | D:5      | Reached skill level 1 in Conjurations
  4298 | D:5      | Reached skill level 1 in Fire Magic
  4311 | D:5      | Reached skill level 4 in Axes
  4991 | D:6      | Reached ** piety under Vehumet
  4991 | D:6      | Reached XP level 8. HP: 60/60 MP: 12/12
  5161 | D:6      | Found a shattered altar of Ashenzari.
  5431 | D:6      | Offered knowledge of Freeze by Vehumet.
  5435 | D:6      | Learned a level 1 spell: Freeze
  5977 | D:7      | Reached skill level 5 in Axes
  5996 | D:7      | Reached skill level 1 in Ice Magic
  6100 | D:7      | Offered knowledge of Inner Flame by Vehumet.
  6120 | D:7      | Found a white marble altar of Elyvilon.
  6137 | D:7      | Found a sacrificial altar of Ru.
  6137 | D:7      | Found an opulent altar of Gozag.
  6410 | D:7      | Found Gastriruq's Antique Weapon Shoppe.
  6546 | D:8      | Reached *** piety under Vehumet
  6601 | D:8      | Gained mutation: You are mostly covered in molten scales.
                  | (AC +3) [demonic ancestry]
  6601 | D:8      | Reached XP level 9. HP: 60/66 MP: 12/14
  6757 | D:8      | Reached skill level 6 in Axes
  6807 | D:8      | Found a burning altar of Makhleb.
  6807 | D:8      | Noticed a green death
  6811 | D:8      | Noticed an orange demon
  6811 | D:8      | Noticed a hellwing
  7300 | D:9      | Found a sparkling altar of Nemelex Xobeh.
  7563 | D:9      | Offered knowledge of Olgreb's Toxic Radiance by Vehumet.
  7575 | D:9      | Learned a level 4 spell: Olgreb's Toxic Radiance
  7711 | D:9      | Reached skill level 1 in Poison Magic
  7749 | D:9      | Found a snail-covered altar of Cheibriados.
  8044 | D:9      | Found a shimmering altar of Xom.
  8044 | D:9      | Found a glowing silver altar of Zin.
  8044 | D:9      | Noticed an angel
  8104 | D:9      | Reached **** piety under Vehumet
  8238 | D:9      | Reached skill level 7 in Axes
  8602 | D:10     | Entered Level 10 of the Dungeon
  8836 | D:10     | Reached skill level 5 in Fighting
  8836 | D:10     | Gained mutation: You sometimes gain a little power by
                  | taking damage. [demonic ancestry]
  8836 | D:10     | Reached XP level 10. HP: 42/74 MP: 16/16
  8851 | D:10     | Offered knowledge of Fireball by Vehumet.
  8874 | D:10     | Learned a level 5 spell: Fireball
  9230 | D:10     | Got a polished hand axe
  9384 | D:10     | Noticed a two-headed ogre
  9395 | D:10     | Killed a two-headed ogre
  9395 | D:10     | Reached skill level 5 in Dodging
  9660 | D:11     | Reached skill level 5 in Armour
  9703 | D:11     | Noticed a gargoyle
  9707 | D:11     | Banished a gargoyle
  9716 | D:11     | Reached skill level 5 in Spellcasting
  9791 | D:11     | Noticed Snorg
  9795 | D:11     | Reached skill level 8 in Axes
  9795 | D:11     | Reached skill level 5 in Conjurations
  9807 | D:11     | Killed Snorg
  9950 | D:11     | Found a staircase to the Lair.
  9999 | D:11     | Reached ***** piety under Vehumet
 10004 | D:11     | Offered knowledge of Orb of Destruction by Vehumet.
 10012 | D:11     | Gained mutation: You have a pair of antennae on your head.
                  | [demonic ancestry]
 10012 | D:11     | Reached XP level 11. HP: 16/81 MP: 19/19
 10402 | D:11     | Noticed Nergalle
 10439 | D:11     | Noticed a spectral orc warlord
 10439 | D:11     | Killed Nergalle
 10666 | D:11     | Reached skill level 9 in Axes
 11025 | Lair:1   | Entered Level 1 of the Lair of Beasts
 11724 | Lair:1   | Noticed an eight-headed hydra
 11731 | Lair:1   | Killed a nine-headed hydra
 11739 | Lair:1   | Noticed Harold
 11746 | Lair:1   | Killed Harold
 12242 | Lair:2   | Found a staircase to the Swamp.
 12331 | Lair:2   | Noticed Urug
 12344 | Lair:2   | Killed Urug
 12454 | Lair:2   | Noticed a seven-headed hydra
 12458 | Lair:2   | Killed an eight-headed hydra
 13037 | Swamp:1  | Entered Level 1 of the Swamp
 13037 | Swamp:1  | Noticed an eight-headed hydra
 13044 | Swamp:1  | Killed a nine-headed hydra
 13044 | Swamp:1  | Reached XP level 12. HP: 77/89 MP: 5/21
 13137 | Swamp:1  | Noticed a ghost crab
 13166 | Swamp:1  | Killed a ghost crab
 13188 | Swamp:1  | Noticed an alligator
 13518 | Swamp:1  | Noticed an eight-headed hydra
 13527 | Swamp:1  | HP: 6/133 [12-headed hydra (4)]
 13527 | Swamp:1  | HP: 2/133 [12-headed hydra (4)]
 13528 | Swamp:1  | Mangled by a 12-headed hydra

Skill      XL: |  1  2  3  4  5  6  7  8  9 10 11 12 |
---------------+-------------------------------------+-----
Armour         | 3 4 5 6 |  6.0
Axes           | 2 3 4 5 7 8 9 |  9.9
Dodging        | 1 2 3 4 5 6 7 |  7.0
Shields        | 3 |  3.1
Spellcasting   | 1 2 3 4 5 6 |  6.7
Conjurations   | 1 3 4 5 6 7 |  7.0
Fire Magic     | 2 3 4 |  4.8
Fighting       | 4 5 6 |  6.7
Ice Magic      | 1 2 |  2.7
Poison Magic   | 2 3 4 |  4.4
Stealth        | |  0.1

Action                   |  1- 3 |  4- 6 |  7- 9 | 10-12 || total
-------------------------+-------+-------+-------+-------++-------
Melee: War axe           |    94 |   166 |    38 |       ||   298
       Kick              |       |    27 |   146 |   114 ||   287
       Battleaxe         |       |       |   433 |   328 ||   761
 Cast: Freeze            |       |       |     2 |       ||     2
       Olgreb's Toxic Ra |       |       |     1 |    10 ||    11
       Fireball          |       |       |       |    12 ||    12
       Flame Tongue      |       |       |       |    11 ||    11
  Use: Potion            |     1 |     4 |       |    11 ||    16
       Scroll            |       |     1 |    17 |     1 ||    19
 Stab: Sleeping          |       |     1 |     3 |     1 ||     5
       Distracted        |       |     1 |     1 |     2 ||     4
  Eat: Ration            |     1 |     1 |     3 |     6 ||    11
       Chunk             |       |     3 |     7 |     5 ||    15
Armor: Scale mail        |    47 |    64 |       |       ||   111
       Ring mail         |       |    26 |   319 |   143 ||   488
       Skin              |       |       |       |    89 ||    89
Dodge: Dodged            |    29 |    77 |   474 |   379 ||   959
       Deflected         |       |       |    10 |     8 ||    18
Block: Shield            |    49 |    96 |    14 |       ||   159
